[Event "Reykjavik Chess Congress 2018"]
[Site "Reykjavik"]
[Date "2018.01.10"]
[Round "1"]
[White "Jensson, Einar Hjalti"]
[Black "Einarsson, Oskar Long"]
[Result "1-0"]
[ECO "C00"]
[WhiteElo "2336"]
[BlackElo "1785"]
[Annotator "ChessBase"]
[PlyCount "67"]
[EventDate "2018.??.??"]
[EventType "swiss"]
[EventCountry "ISL"]
[TimeControl "40/5400+30:900+30"]

1. e4 e6 2. d3 d5 3. Nd2 c5 4. g3 Nc6 5. Bg2 Nf6 6. Ngf3 Bd6 7. O-O O-O 8. b3 b5 9. a4 b4 10. Bb2 Ba6 11. e5 Ne4 12. exd6 Nc3 13. Bxc3 bxc3 14. Nb1 d4 15. Na3 Rb8 16. Ng5 Nb4 17. Qh5 h6 18. Ne4 Nxc2 19. Nxc2 Bxd3 20. Qxc5 Bxc2 21. Qxd4 Bxe4 22. Bxe4 Rxb3 23. Rfd1 Qd7 24. Qc4 Rb6 25. Qxc3 Rc8 26. Qa3 Rd8 27. Rac1 f5 28. Rc7 Rxd6 29. Rxd7 Rxd1+ 30. Rxd1 Rxd1+ 31. Kg2 fxe4 32. Qe7 a5 33. Qxe6+ Kh8 34. Qe8+ 1-0

[Event "Reykjavik Chess Congress 2018"]
[Site "Reykjavik"]
[Date "2018.01.10"]
[Round "1"]
[White "Stefansson, Vignir Vatnar"]
[Black "Haraldsson, Oskar"]
[Result "1-0"]
[ECO "A00"]
[WhiteElo "2304"]
[BlackElo "1733"]
[Annotator "ChessBase"]
[PlyCount "77"]
[EventDate "2018.??.??"]
[EventType "swiss"]
[EventCountry "ISL"]
[TimeControl "40/5400+30:900+30"]

1. Nc3 f5 2. e4 fxe4 3. Nxe4 Nf6 4. Nxf6+ exf6 5. Bc4 Qe7+ 6. Be2 d5 7. Nf3 Nc6 8. O-O Bd7 9. a3 O-O-O 10. b4 Ne5 11. Bb2 h5 12. Re1 h4 13. Bd4 Kb8 14. Nxe5 fxe5 15. Bg4 e4 16. d3 Qg5 17. Bxd7 Rxd7 18. dxe4 dxe4 19. Rxe4 Bd6 20. Qg4 Qxg4 21. Rxg4 Rh7 22. Re1 b6 23. h3 Be7 24. Be3 Bf6 25. Bg5 Bxg5 26. Rxg5 Rd2 27. c4 Rd4 28. c5 Kc8 29. c6 Kd8 30. b5 Rd6 31. Ree5 Rd3 32. Rd5+ Rxd5 33. Rxd5+ Kc8 34. Rd7 a6 35. bxa6 Kb8 36. a7+ Kxa7 37. Rxc7+ Kb8 38. Rb7+ Kc8 39. f4 1-0

[Event "Reykjavik Chess Congress 2018"]
[Site "Reykjavik"]
[Date "2018.01.11"]
[Round "1"]
[White "Ptacnikova, Lenka"]
[Black "Jonsson, Sveinbjorn"]
[Result "1-0"]
[ECO "A30"]
[WhiteElo "2218"]
[BlackElo "1667"]
[Annotator "ChessBase"]
[PlyCount "139"]
[EventDate "2018.??.??"]
[EventType "swiss"]
[EventCountry "ISL"]
[TimeControl "40/5400+30:900+30"]

1. c4 c5 2. g3 Nc6 3. Bg2 g6 4. h4 Nf6 5. Nc3 Bg7 6. Nh3 d6 7. Nf4 h5 8. d3 a6 9. a3 Rb8 10. Rb1 Bd7 11. b4 b5 12. cxb5 axb5 13. O-O cxb4 14. axb4 O-O 15. e3 Ne5 16. Qb3 e6 17. Bb2 Nfg4 18. Ne4 Bc6 19. Rbc1 Bxe4 20. dxe4 Qe7 21. f3 Nf6 22. Bxe5 dxe5 23. Nd3 Nd7 24. Rc7 Rfc8 25. Rfc1 Rxc7 26. Rxc7 Qd6 27. Qc3 Rd8 28. Bf1 Qb6 29. Kf2 Bh6 30. f4 Nf6 31. Kf3 Ng4 32. Nxe5 Bg7 33. Be2 Qd6 34. Nxf7 Bxc3 35. Nxd6 Bxb4 36. Rc8 Rxc8 37. Nxc8 Bd2 38. Bxb5 Bxe3 39. Bc4 Kf7 40. Nd6+ Ke7 41. e5 Bd4 42. Bd3 Bxe5 43. Nc4 Bc3 44. Bxg6 Nf6 45. Ne5 Kf8 46. Bc2 Ke7 47. Nc4 Kf7 48. Bb3 Ke7 49. Ne5 Kd6 50. Nf7+ Ke7 51. Ng5 e5 52. f5 Ba1 53. Bd1 Ng4 54. Ne4 Bd4 55. Be2 Kf7 56. Bc4+ Ke7 57. Be6 Nh2+ 58. Ke2 Ng4 59. Bb3 Bb2 60. Bd1 Bd4 61. Ke1 Ne3 62. f6+ Kf8 63. Bxh5 Nf5 64. Bg4 Nh6 65. Be6 Ng8 66. Bb3 Nh6 67. Ke2 Ng4 68. Kf3 Nh2+ 69. Kg2 Ng4 70. h5 1-0

[Event "Reykjavik Chess Congress 2018"]
[Site "Reykjavik"]
[Date "2018.01.10"]
[Round "1"]
[White "Fridthjofsdottir, Sigurl. Regina"]
[Black "Ragnarsson, Dagur"]
[Result "1-0"]
[ECO "A08"]
[WhiteElo "1734"]
[BlackElo "2332"]
[Annotator "ChessBase"]
[PlyCount "97"]
[EventDate "2018.??.??"]
[EventType "swiss"]
[EventCountry "ISL"]
[TimeControl "40/5400+30:900+30"]

1. e4 e6 2. d3 d5 3. Nd2 Nf6 4. Ngf3 Be7 5. g3 O-O 6. Bg2 c5 7. O-O Nc6 8. Re1 b5 9. c3 a5 10. e5 Nd7 11. a3 Qc7 12. d4 Ba6 13. Nf1 Rfc8 14. Bf4 b4 15. Ne3 Qd8 16. h4 Bb5 17. h5 a4 18. h6 g6 19. Bf1 Bxf1 20. Kxf1 bxc3 21. bxc3 cxd4 22. cxd4 Nb6 23. Qd3 Na5 24. Ng4 Nb3 25. Ra2 Nd7 26. Kg2 Qa5 27. Rd1 Rc3 28. Qe2 Qa6 29. Qe1 Rac8 30. Be3 Rc2 31. Rxc2 Rxc2 32. Nd2 Bxa3 33. Nxb3 axb3 34. Nf6+ Nxf6 35. exf6 Qe2 36. Qxe2 Rxe2 37. Rd3 Bd6 38. Rxb3 Rc2 39. Rb6 Bc7 40. Ra6 Rb2 41. Ra7 Bd6 42. Rd7 Bf8 43. Rd8 Rc2 44. Bf4 Rc6 45. Bb8 Ra6 46. Bc7 Rc6 47. Ba5 Rc4 48. Bb6 e5 49. Bc5 1-0

[Event "Reykjavik Chess Congress 2018"]
[Site "Reykjavik"]
[Date "2018.01.10"]
[Round "1"]
[White "Ulfljotsson, Jon"]
[Black "Bjornsson, Sigurbjorn"]
[Result "1/2-1/2"]
[ECO "A49"]
[WhiteElo "1687"]
[BlackElo "2288"]
[Annotator "ChessBase"]
[PlyCount "82"]
[EventDate "2018.??.??"]
[EventType "swiss"]
[EventCountry "ISL"]
[TimeControl "40/5400+30:900+30"]

1. d4 Nf6 2. Nf3 g6 3. g3 Bg7 4. Bg2 O-O 5. O-O d6 6. b3 c5 7. e3 Nc6 8. Bb2 cxd4 9. Nxd4 Bd7 10. Nd2 Nxd4 11. exd4 Bc6 12. Qe2 Re8 13. c4 d5 14. Rfe1 dxc4 15. Bxc6 bxc6 16. Nxc4 Nd5 17. Ne5 Rc8 18. Rac1 Qd6 19. Rc2 a5 20. Nc4 Qd8 21. Rd2 Ra8 22. Ne5 Qd6 23. Rc1 Rec8 24. Rc4 a4 25. bxa4 Nb6 26. Rc1 Rxa4 27. a3 Nd5 28. Rdc2 Bxe5 29. dxe5 Qe6 30. Rc5 h5 31. h4 Rb8 32. Rxc6 Qh3 33. e6 f6 34. Rc8+ Rxc8 35. Rxc8+ Kh7 36. Qb5 Re4 37. Rh8+ Kxh8 38. Qe8+ Kh7 39. Qf7+ Kh8 40. Qf8+ Kh7 41. Qf7+ Kh8 1/2-1/2

[Event "Reykjavik Chess Congress 2018"]
[Site "Reykjavik"]
[Date "2018.01.14"]
[Round "2"]
[White "Olafsson, Thorvardur"]
[Black "Mai, Alexander Oliver"]
[Result "1-0"]
[ECO "C68"]
[WhiteElo "2178"]
[BlackElo "1970"]
[Annotator "ChessBase"]
[PlyCount "87"]
[EventDate "2018.??.??"]
[EventType "swiss"]
[EventCountry "ISL"]
[SourceTitle "playchess.com"]
[Source "ChessBase"]
[SourceQuality "1"]
[TimeControl "40/5400+30:900+30"]

1. e4 e5 2. Nf3 Nc6 3. Bb5 a6 4. Bxc6 dxc6 5. Nc3 f6 6. d4 Bg4 7. dxe5 Qxd1+ 8. Nxd1 Bxf3 9. gxf3 fxe5 10. Bg5 Be7 11. Rg1 Bf6 12. Ne3 Ne7 13. Bxf6 gxf6 14. Rd1 Rg8 15. Rxg8+ Nxg8 16. Nf5 Rd8 17. Rxd8+ Kxd8 18. Ke2 Ke8 19. f4 Kf7 20. Kf3 Kg6 21. Kg4 Kf7 22. fxe5 fxe5 23. Kg5 Ke6 24. f3 b5 25. Nh6 Nf6 26. Ng4 Ng8 27. h3 c5 28. h4 a5 29. h5 c4 30. Ne3 c6 31. c3 c5 32. Nd5 Kd6 33. Kf5 a4 34. a3 b4 35. Kg5 Ke6 36. h6 b3 37. Nb6 Nf6 38. Nxc4 Nd7 39. Ne3 Nb6 40. Kg4 Kf6 41. Nd5+ Nxd5 42. exd5 Ke7 43. Kf5 Kd6 44. c4 {[%emt 0:00:09] Kxd5 Ke4+} 1-0

[Event "Reykjavik Chess Congress 2018"]
[Site "Reykjavik"]
[Date "2018.01.14"]
[Round "2"]
[White "Loftsson, Hrafn"]
[Black "Bjornsson, Eirikur K"]
[Result "1/2-1/2"]
[ECO "A40"]
[WhiteElo "2163"]
[BlackElo "1934"]
[Annotator "ChessBase"]
[PlyCount "33"]
[EventDate "2018.??.??"]
[EventType "swiss"]
[EventCountry "ISL"]
[SourceTitle "playchess.com"]
[Source "ChessBase"]
[SourceQuality "1"]
[TimeControl "40/5400+30:900+30"]

1. d4 g6 2. c4 Bg7 3. Nf3 c5 4. d5 e5 5. e4 d6 6. Nc3 Nd7 7. Bd3 a6 8. Be3 Ndf6 9. h3 Nh5 10. g3 Ne7 11. g4 Nf4 12. Bxf4 exf4 13. Qd2 O-O 14. Qxf4 b5 15. Kf1 b4 16. Nd1 {bxc3 Nxc3} Qb6 {Bc4 f5} 17. Qd2 1/2-1/2

[Event "Reykjavik Chess Congress 2018"]
[Site "Reykjavik"]
[Date "2018.01.14"]
[Round "2"]
[White "Heimisson, Hilmir Freyr"]
[Black "Briem, Stephan"]
[Result "1-0"]
[ECO "B53"]
[WhiteElo "2136"]
[BlackElo "1890"]
[Annotator "ChessBase"]
[PlyCount "117"]
[EventDate "2018.??.??"]
[EventType "swiss"]
[EventCountry "ISL"]
[SourceTitle "playchess.com"]
[Source "ChessBase"]
[SourceQuality "1"]
[TimeControl "40/5400+30:900+30"]

1. e4 c5 2. Nf3 d6 3. d4 cxd4 4. Qxd4 Nf6 5. e5 dxe5 6. Qxd8+ Kxd8 7. Nxe5 Be6 8. Nc3 Nbd7 9. Bf4 Nh5 10. Nxd7 Nxf4 11. Nxf8 Rxf8 12. g3 Ng6 13. Bg2 Kc7 14. O-O Rad8 15. Rfe1 Rd2 16. Rac1 Rfd8 17. Be4 R2d7 18. a4 Bc4 19. b3 Ba6 20. Kg2 e6 21. Bf3 Ne7 22. Ne4 b6 23. c4 Nf5 24. c5 Kb8 25. b4 bxc5 26. Nxc5 Rd6 27. b5 Bc8 28. Kg1 Nd4 29. Bg2 f6 30. Rb1 e5 31. Na6+ Bxa6 32. bxa6+ Kc8 33. Rb7 R8d7 34. Rc1+ Kd8 35. Bf1 g6 36. h4 f5 37. Kg2 f4 38. Bb5 Nxb5 39. axb5 fxg3 40. Kxg3 Rd3+ 41. Kg2 Ra3 42. Rc5 e4 43. Rb8+ Ke7 44. Re5+ Kd6 45. Rxe4 Kc7 46. Rb7+ Kd8 47. Rc4 Rb3 48. Rc6 Rd4 49. Rxa7 Rg4+ 50. Kf1 Rb1+ 51. Ke2 Rb2+ 52. Kf3 Rgb4 53. Rxh7 Rxb5 54. Rxg6 Rf5+ 55. Kg3 Rb3+ 56. Kg2 Rf8 57. a7 Ra3 58. Rb6 Rg8+ 59. Kh2 1-0

[Event "Reykjavik Chess Congress 2018"]
[Site "Reykjavik"]
[Date "2018.01.14"]
[Round "2"]
[White "Halldorsson, Bragi"]
[Black "Jensson, Einar Hjalti"]
[Result "1/2-1/2"]
[ECO "E10"]
[WhiteElo "2082"]
[BlackElo "2336"]
[Annotator "ChessBase"]
[PlyCount "185"]
[EventDate "2018.??.??"]
[EventType "swiss"]
[EventCountry "ISL"]
[SourceTitle "playchess.com"]
[Source "ChessBase"]
[SourceQuality "1"]
[TimeControl "40/5400+30:900+30"]

1. d4 Nf6 2. c4 e6 3. Nf3 c5 4. g3 cxd4 5. Bg2 Nc6 6. Nxd4 Qb6 7. e3 d5 8. cxd5 Nxd5 9. Nxc6 bxc6 10. e4 Nb4 11. a3 Qa6 12. Bf1 Qa5 13. Bd2 Ba6 14. Bxb4 Bxb4+ 15. Nd2 Be7 16. b4 Qb6 17. Bxa6 Qxa6 18. Qe2 Qa4 19. O-O O-O 20. Nc4 c5 21. bxc5 Qa6 22. Rfd1 Rac8 23. Qd3 Rfd8 24. Nd6 Qxd3 25. Rxd3 Rxc5 26. Rad1 Kf8 27. f4 f6 28. Nb7 Rxd3 29. Rxd3 Rc1+ 30. Kg2 Rc2+ 31. Kh3 Re2 32. Nd6 a5 33. Nb7 Rxe4 34. Nxa5 Ra4 35. Nc6 Bxa3 36. Re3 Bc5 37. Rxe6 Ra2 38. Re1 h5 39. Nd8 Bb6 40. Ne6+ Kf7 41. f5 Rb2 42. Nf4 Rb5 43. Nxh5 Rxf5 44. Nf4 g5 45. Nd3 Rf3 46. Rd1 Re3 47. Rd2 Kg6 48. Kg2 Kh5 49. Nf2 Bc7 50. Rc2 Be5 51. Ra2 Rb3 52. Rd2 Ra3 53. Re2 Bb8 54. Rb2 Ba7 55. Rc2 Bd4 56. Rd2 Be3 57. Re2 f5 58. h3 Kg6 59. Nd1 Bd4 60. Nf2 Kf6 61. Rd2 Be5 62. Rd3 Ra1 63. Kh2 Ra2 64. Kg2 Bb8 65. Rf3 Ba7 66. Kf1 Kg6 67. g4 f4 68. h4 Bxf2 69. h5+ Kf6 70. Rxf2 Ra3 71. Kg1 Rg3+ 72. Rg2 Re3 73. Rh2 Ra3 74. Re2 Rc3 75. Kf1 Rh3 76. Kg1 Rh4 77. Rg2 Ke5 78. Kf2 Ke4 79. Rg1 Rh2+ 80. Rg2 Rh1 81. Rg1 Rh2+ 82. Rg2 Rh3 83. Rg1 f3 84. Rb1 Rh2+ 85. Kg3 Rg2+ 86. Kh3 Rd2 87. Kg3 Rg2+ 88. Kh3 Ke3 89. Rb3+ Ke2 90. Rb2+ Kf1 91. Rb1+ Kf2 92. Rb2+ Kg1 93. Rb1+ 1/2-1/2

[Event "Reykjavik Chess Congress 2018"]
[Site "Reykjavik"]
[Date "2018.01.14"]
[Round "2"]
[White "Mai, Aron Thor"]
[Black "Stefansson, Vignir Vatnar"]
[Result "1-0"]
[ECO "B00"]
[WhiteElo "2066"]
[BlackElo "2304"]
[Annotator "ChessBase"]
[PlyCount "71"]
[EventDate "2018.??.??"]
[EventType "swiss"]
[EventCountry "ISL"]
[SourceTitle "playchess.com"]
[Source "ChessBase"]
[SourceQuality "1"]
[TimeControl "40/5400+30:900+30"]

1. e4 Nc6 2. Nf3 d6 3. d4 Nf6 4. Nc3 Bg4 5. d5 Ne5 6. Bb5+ Bd7 7. Nxe5 dxe5 8. Qe2 a6 9. Bxd7+ Qxd7 10. O-O g6 11. a4 Bg7 12. h3 O-O 13. Bg5 Ne8 14. Qg4 Qd6 15. Qh4 Bf6 16. Rae1 Qb6 17. Nd1 Bxg5 18. Qxg5 f6 19. Qg4 Ng7 20. Re3 Qd6 21. Rb3 Rab8 22. c4 e6 23. Ne3 exd5 24. cxd5 f5 25. exf5 gxf5 26. Qd1 b5 27. f4 exf4 28. Nc2 bxa4 29. Rc3 Rxb2 30. Rc6 Qe5 31. Re1 Qd6 32. Rxd6 cxd6 33. Nd4 a3 34. Qa1 Rd2 35. Ne6 Nxe6 36. dxe6 1-0

[Event "Reykjavik Chess Congress 2018"]
[Site "Reykjavik"]
[Date "2018.01.14"]
[Round "2"]
[White "Baldursson, Haraldur"]
[Black "Viglundsson, Bjorgvin"]
[Result "0-1"]
[ECO "D24"]
[WhiteElo "1942"]
[BlackElo "2167"]
[Annotator "ChessBase"]
[PlyCount "92"]
[EventDate "2018.??.??"]
[EventType "swiss"]
[EventCountry "ISL"]
[SourceTitle "playchess.com"]
[Source "ChessBase"]
[SourceQuality "1"]
[TimeControl "40/5400+30:900+30"]

1. d4 d5 2. Nf3 Nf6 3. c4 dxc4 4. Nc3 a6 5. a4 e6 6. e3 c5 7. Bxc4 Nbd7 8. O-O cxd4 9. Nxd4 Qc7 10. Qe2 Ne5 11. Ba2 Bd7 12. Kh1 Be7 13. e4 Nc6 14. Be3 O-O 15. f4 Nxd4 16. Bxd4 Bc6 17. e5 Nd7 18. f5 Bc5 19. fxe6 Bxd4 20. e7 Rfe8 21. Rxf7 Kh8 22. e6 Nf6 23. Qd3 Bxc3 24. Qxc3 Qf4 25. Rd1 Rac8 26. Qh3 Be4 27. b4 Qg4 28. Qxg4 Nxg4 29. Rf8+ Rxf8 30. exf8=Q+ Rxf8 31. e7 Re8 32. Bf7 Nf6 33. Rd8 Bc6 34. a5 g6 35. Kg1 Kg7 36. Bxe8 Nxe8 37. Rc8 Kf7 38. Rd8 Kxe7 39. Rd4 Nd6 40. Kf2 Nf5 41. Rd2 h5 42. g3 Nd6 43. Rd4 Ke6 44. Rf4 Nf5 45. g4 Ke5 46. Rc4 Bd5 0-1

[Event "Reykjavik Chess Congress 2018"]
[Site "Reykjavik"]
[Date "2018.01.14"]
[Round "2"]
[White "Sigurdsson, Birkir Karl"]
[Black "Ingvason, Johann"]
[Result "1-0"]
[ECO "D35"]
[WhiteElo "1934"]
[BlackElo "2161"]
[Annotator "ChessBase"]
[PlyCount "107"]
[EventDate "2018.??.??"]
[EventType "swiss"]
[EventCountry "ISL"]
[SourceTitle "playchess.com"]
[Source "ChessBase"]
[SourceQuality "1"]
[TimeControl "40/5400+30:900+30"]

1. d4 Nf6 2. c4 e6 3. Nc3 d5 4. cxd5 exd5 5. Bg5 Be7 6. Qc2 O-O 7. e3 h6 8. Bh4 c5 9. Nf3 Nc6 10. a3 Bg4 11. dxc5 Bxf3 12. gxf3 d4 13. Rd1 Ne5 14. Qf5 Nfd7 15. Bxe7 Qxe7 16. Rxd4 g6 17. Qh3 Nxc5 18. Be2 Rad8 19. Nd5 Qe6 20. Qxh6 f5 21. Rh4 Rd7 22. Qh8+ Kf7 23. Qh7+ Ke8 24. Nc7+ Rxc7 25. Qxc7 Ned7 26. Rh7 Qc6 27. Qxc6 bxc6 28. Rg1 Rf6 29. h4 Ne6 30. Rh6 Kf7 31. h5 Ndf8 32. hxg6+ Kg7 33. Rh4 f4 34. Rh5 c5 35. Bc4 fxe3 36. fxe3 Rxf3 37. Ke2 Rf6 38. Bxe6 Rxe6 39. Rxc5 Re7 40. Rf5 Re8 41. Rf7+ Kg8 42. g7 Ne6 43. Rxa7 Nf4+ 44. Kf3 Nd3 45. Rh1 Ne5+ 46. Kf4 Ng6+ 47. Kg5 Rxe3 48. Ra8+ Kxg7 49. Ra7+ Ne7 50. Rd1 Kh8 51. Rd8+ Ng8 52. Raa8 Kh7 53. Rxg8 Re8 54. Rgxe8 1-0

[Event "Reykjavik Chess Congress 2018"]
[Site "Reykjavik"]
[Date "2018.01.14"]
[Round "2"]
[White "Bjarnason, Olafur"]
[Black "Fridjonsson, Julius"]
[Result "0-1"]
[ECO "A37"]
[WhiteElo "1818"]
[BlackElo "2137"]
[Annotator "ChessBase"]
[PlyCount "144"]
[EventDate "2018.??.??"]
[EventType "swiss"]
[EventCountry "ISL"]
[SourceTitle "playchess.com"]
[Source "ChessBase"]
[SourceQuality "1"]
[TimeControl "40/5400+30:900+30"]

1. Nf3 c5 2. c4 Nc6 3. Nc3 g6 4. g3 Bg7 5. Bg2 e6 6. e3 Nge7 7. d4 cxd4 8. Nxd4 d5 9. cxd5 Nxd4 10. exd4 exd5 11. Bg5 h6 12. Be3 O-O 13. O-O Be6 14. Rc1 Rc8 15. Qa4 Qb6 16. Qb5 Rc6 17. Qxb6 Rxb6 18. Na4 Rb4 19. b3 Nf5 20. Rc7 Nxd4 21. Rd1 Be5 22. Bxd4 Rxd4 23. Rxd4 Bxd4 24. Nc5 b6 25. Nxe6 fxe6 26. Rc2 Kg7 27. Kf1 Rf7 28. Bh3 Re7 29. Ke2 Bc5 30. Kd3 Kf6 31. f3 Ke5 32. Re2+ Kd6 33. Bg2 g5 34. Bh3 e5 35. Bf5 h5 36. h3 Re8 37. g4 hxg4 38. Bxg4 Rf8 39. Rg2 Ke7 40. Rh2 Rf4 41. Re2 Kf6 42. Kc3 a5 43. Kd3 a4 44. bxa4 Rxa4 45. Rc2 Ra3+ 46. Kd2 e4 47. fxe4 dxe4 48. Kc1 Ke5 49. Kb2 Rg3 50. Re2 Bd4+ 51. Kc2 Rc3+ 52. Kb1 Rg3 53. Kc2 Kf4 54. Rd2 Ke5 55. Re2 b5 56. Kd2 Rg1 57. Kc2 Ra1 58. Kb3 Rb1+ 59. Kc2 Ra1 60. Kb3 e3 61. Bd7 Rh1 62. Bxb5 Rxh3 63. a4 Rg3 64. a5 Rg1 65. a6 Rb1+ 66. Kc4 Rc1+ 67. Kb3 g4 68. Rc2 Rb1+ 69. Kc4 g3 70. Bc6 Rd1 71. Bf3 Rd2 72. Rxd2 exd2 0-1

[Event "Reykjavik Chess Congress 2018"]
[Site "Reykjavik"]
[Date "2018.01.17"]
[Round "3"]
[White "Jensson, Einar Hjalti"]
[Black "Valdimarsson, Einar"]
[Result "1/2-1/2"]
[ECO "B23"]
[WhiteElo "2336"]
[BlackElo "2023"]
[Annotator "ChessBase"]
[PlyCount "110"]
[EventDate "2018.??.??"]
[EventType "swiss"]
[EventCountry "ISL"]
[SourceTitle "playchess.com"]
[Source "ChessBase"]
[SourceQuality "1"]
[TimeControl "40/5400+30:900+30"]

1. e4 c5 2. Nc3 d6 3. f4 g6 4. Nf3 Nc6 5. Bc4 e6 6. O-O Nge7 7. d3 Bg7 8. Qe1 O-O 9. Qh4 Nd4 10. f5 gxf5 11. Bh6 Ng6 12. Qh5 Nxf3+ 13. Rxf3 Qh4 14. Qxh4 Nxh4 15. Rg3 Ng6 16. Bxg7 Kxg7 17. exf5 exf5 18. Re1 Bd7 19. Bd5 Rae8 20. Kf1 Rxe1+ 21. Kxe1 Re8+ 22. Kd2 Bc6 23. Bxc6 bxc6 24. Rf3 Re5 25. g3 Kh6 26. Nd1 Kg5 27. Ne3 Ne7 28. a3 Nd5 29. Ng2 Kg4 30. Rf2 Kh3 31. Ne1 f4 32. c4 fxg3 33. hxg3 Ne7 34. Rxf7 h5 35. Nf3 Rf5 36. Ng1+ Kg2 37. Rxe7 Kxg1 38. Rxa7 Rg5 39. Rd7 Kf2 40. Rxd6 Kxg3 41. Rxc6 h4 42. Rh6 h3 43. b4 h2 44. Kc3 Rg4 45. Rxh2 Kxh2 46. bxc5 Kg3 47. Kb4 Kf4 48. c6 Ke3 49. c7 Rg8 50. Kc5 Kxd3 51. a4 Rc8 52. Kb6 Kxc4 53. a5 Rxc7 54. Kxc7 Kb5 55. a6 Kxa6 1/2-1/2

[Event "Reykjavik Chess Congress 2018"]
[Site "Reykjavik"]
[Date "2018.01.18"]
[Round "3"]
[White "Davidsson, Oskar Vikingur"]
[Black "Loftsson, Hrafn"]
[Result "0-1"]
[ECO "B22"]
[WhiteElo "1854"]
[BlackElo "2163"]
[Annotator "RC"]
[PlyCount "129"]
[EventDate "2018.??.??"]
[EventType "swiss"]
[EventCountry "ISL"]
[SourceTitle "playchess.com"]
[Source "ChessBase"]
[SourceQuality "1"]
[TimeControl "40/5400+30:900+30"]

1. e4 c5 2. c3 Nf6 3. e5 Nd5 4. d4 cxd4 5. Nf3 Nc6 6. cxd4 d6 7. Bc4 e6 8. O-O Be7 9. Qe2 O-O 10. Qe4 Bd7 11. Bxd5 exd5 12. Qxd5 Be6 13. Qe4 dxe5 14. dxe5 Qb6 15. Nc3 Rfd8 16. Qe2 Bf5 17. Be3 Qa5 18. Rfd1 Nxe5 19. Nxe5 Qxe5 20. Rxd8+ Rxd8 21. Bxa7 Qxe2 22. Nxe2 Bf6 23. Nc3 Rd2 24. Nd1 Bc2 25. Nc3 Bd3 26. Re1 h6 27. Nd1 Be2 28. Nc3 Bd3 29. Nd1 Bc4 30. Be3 Rc2 31. a3 b5 32. h3 g5 33. h4 Kg7 34. hxg5 hxg5 35. Kh2 Kg6 36. Kg1 Bg7 37. g3 f5 38. Bc5 f4 39. gxf4 gxf4 40. Bb4 Kf5 41. Nc3 Rxb2 42. Ne4 Kg4 43. Bc5 Re2 44. Rxe2 Bxe2 45. Bb4 Bd3 46. Nd2 Bd4 47. Nb3 Be5 48. Nd2 Bb2 49. Nb3 Kf3 50. Nc5 Bc2 51. Kf1 Bd4 52. Ne6 Bd3+ 53. Ke1 Bxf2+ 54. Kd1 Bc4 55. Nxf4 Kxf4 56. Kc2 Bd4 57. Bc3 Bc5 58. a4 b4 59. Bd2+ Ke4 60. a5 Kd5 61. Bf4 Kc6 62. Be5 Bd6 63. Bd4 Bc7 64. a6 Bxa6 65. Bc3 0-1

[Event "Reykjavik Chess Congress 2018"]
[Site "Reykjavik"]
[Date "2018.01.17"]
[Round "3"]
[White "Ulfljotsson, Jon"]
[Black "Halldorsson, Bragi"]
[Result "0-1"]
[ECO "A48"]
[WhiteElo "1687"]
[BlackElo "2082"]
[Annotator "NA RC"]
[PlyCount "87"]
[EventDate "2018.??.??"]
[EventType "swiss"]
[EventCountry "ISL"]
[SourceTitle "playchess.com"]
[Source "ChessBase"]
[SourceQuality "1"]
[TimeControl "40/5400+30:900+30"]

1. d4 Nf6 2. Nf3 g6 3. e3 Bg7 4. Be2 O-O 5. O-O d6 6. c4 Nbd7 7. Qc2 c6 8. Nc3 Re8 {[%emt 0:00:51] E61: King's Indian: Early deviations for White, including Smyslov System} (8... e5 9. Rd1 Qc7 10. b3 Re8 11. Ba3 exd4 12. Nxd4 Nc5 13. Bf3 Bg4 14. Rac1 Rad8 15. h3 Bxf3 16. Nxf3 a5 17. Bxc5 dxc5 18. Rxd8 Rxd8 {1-0 (72) Ernst,S (2535)-Van Foreest,J (2578) Utrecht 2016}) 9. b3 a6 10. Bb2 Nf8 $146 ({Predecessor:} 10... e5 11. Rfd1 Qe7 12. a4 e4 13. Nd2 Nf8 14. a5 h5 15. b4 {1-0 (43) Terekhin,A (2323)-Karpenko,A (2173) Perm 2007}) 11. Rfd1 Qc7 12. Rac1 Bd7 13. d5 c5 14. h3 Rab8 15. Bd3 b5 16. e4 bxc4 (16... Nh5 $14) 17. bxc4 (17. Bxc4 $16 Bb5 18. Nxb5 axb5 19. Be2) 17... Rb6 18. Rb1 Reb8 19. Ba1 Nh5 20. Rxb6 Rxb6 21. Ne2 Rb4 22. Qd2 Ba4 23. Rc1 Bxa1 24. Rxa1 Qb8 25. Qe3 f6 26. g4 Ng7 27. Ng3 Rb2 28. Kg2 Qb4 29. g5 Nd7 30. h4 (30. gxf6 $11 exf6 31. Qc1) 30... Ne5 31. Nxe5 fxe5 32. Be2 Rc2 33. Qf3 Bd7 34. Bd3 {[%emt 0:00:44] [#]} Rb2 $1 35. Qe3 a5 36. Be2 {[%emt 0:00:41] [#]} Rc2 ({Black should play} 36... a4 $1 $17) 37. Qb3 {[%emt 0:00:43] [#]} Rc3 $1 38. Qxb4 cxb4 ({Much less strong is} 38... axb4 39. f3 $17) 39. Kf1 $19 Ne8 40. Ke1 Nc7 41. Kd2 Ra3 42. Kc2 Na6 43. Kb2 Nc5 44. Kc2 0-1

[Event "Reykjavik Chess Congress 2018"]
[Site "Reykjavik"]
[Date "2018.01.21"]
[Round "4"]
[White "Jensson, Einar Hjalti"]
[Black "Bjornsson, Eirikur K"]
[Result "1-0"]
[ECO "B06"]
[WhiteElo "2336"]
[BlackElo "1934"]
[Annotator "NA"]
[PlyCount "59"]
[EventDate "2018.??.??"]
[EventType "swiss"]
[EventCountry "ISL"]
[SourceTitle "playchess.com"]
[Source "ChessBase"]
[SourceQuality "1"]
[TimeControl "40/5400+30:900+30"]

1. e4 g6 2. d4 Bg7 3. Nc3 d6 4. Be3 a6 5. h4 h5 {[%emt 0:02:42] B06: Moderne Verteidigung} 6. Qd2 b5 7. Nh3 Nd7 8. Ng5 Bb7 9. a4 b4 10. Nd1 a5 11. c3 bxc3 12. bxc3 Ngf6 13. f3 {[%emt 0:00:48] [#]} O-O $146 14. Nb2 e5 (14... Qc8 $11 {keeps the balance.}) 15. d5 Nc5 16. Ra3 c6 17. dxc6 Bxc6 18. Bb5 Ncxe4 19. fxe4 Nxe4 20. Nxe4 Bxe4 21. c4 f5 22. Bg5 Qc7 23. Nd1 $18 f4 24. Nc3 Bb7 25. Nd5 Qc5 26. Rb3 e4 27. Nxf4 Qf5 28. Qxd6 Be5 29. Qxg6+ Qxg6 30. Nxg6 1-0

[Event "Reykjavik Chess Congress 2018"]
[Site "Reykjavik"]
[Date "2018.01.21"]
[Round "4"]
[White "Olafsson, Thorvardur"]
[Black "Sigurdsson, Birkir Karl"]
[Result "1-0"]
[ECO "B42"]
[WhiteElo "2178"]
[BlackElo "1934"]
[Annotator "NA"]
[PlyCount "79"]
[EventDate "2018.??.??"]
[EventType "swiss"]
[EventCountry "ISL"]
[SourceTitle "playchess.com"]
[Source "ChessBase"]
[SourceQuality "1"]
[TimeControl "40/5400+30:900+30"]

1. e4 c5 2. Nf3 e6 3. d4 cxd4 4. Nxd4 a6 5. Bd3 Qc7 6. O-O {[%emt 0:03:14] LiveBook: 968 Partien} Nf6 7. Qe2 Bc5 8. Nf3 {[%emt 0:02:26] B42: Sicilian: Kan Variation: 5 Bd3} (8. Nb3 Be7 9. c4 d6 10. Nc3 Nbd7 11. f4 b6 12. Bd2 Bb7 13. Rae1 O-O 14. e5 dxe5 15. fxe5 Ne8 {1-0 (44) Akopian,V (2685)-Gajewski,G (2616) Moscow 2012}) 8... Nc6 9. e5 $146 ({Find the theoretical novelty and annotate with similar games:} 9. c4 Ng4 10. g3 Nge5 11. Nxe5 Nxe5 12. Nc3 O-O 13. Bf4 d6 14. Rac1 Bd7 15. b3 Bc6 {½-½ (59) Hapala,E (2063)-Domarkaite,L (2154) Vienna 2014}) 9... Nd5 10. a3 b5 11. c4 bxc4 12. Bxc4 O-O 13. Bxd5 exd5 14. Rd1 Bb7 15. Nc3 Ne7 (15... Na5 $14) 16. Bg5 Ng6 17. Nxd5 Qb8 18. Rac1 (18. b4 $18 Ba7 19. Ne7+ Nxe7 20. Bxe7 Bxf3 21. gxf3 (21. Qxf3 Re8 $16)) 18... Rc8 19. b4 Ba7 20. Rxc8+ Qxc8 21. h4 Bxd5 22. Rxd5 h6 23. h5 hxg5 24. hxg6 fxg6 25. e6 dxe6 26. Rxg5 Qc1+ 27. Kh2 Qf4+ 28. g3 Qf6 29. Kg2 Rf8 30. Re5 Re8 31. Qxa6 Bb8 32. Qc6 Bxe5 33. Qxe8+ Kh7 34. Qxe6 Bc7 35. Qxf6 gxf6 36. Nd4 Kg8 37. Nb5 (37. a4 $142 Kf7 38. a5) 37... Bb8 38. a4 Kf7 39. a5 Ke6 40. a6 $18 1-0